 Dungeon Crawl Stone Soup version 0.22.1-2-g9c5b331 (webtiles) character file.

27 Fang the Skirmisher (level 3, -4/24 HPs)
             Began as a Gargoyle Berserker on Nov 28, 2018.
             Was a Follower of Trog.
             Slain by a hobgoblin
             ... wielding a +0 flail
              (7 damage)
             ... on level 2 of the Dungeon.
             The game lasted 00:01:02 (836 turns).

Fang the Skirmisher (Gargoyle Berserker)             Turns: 836, Time: 00:01:02

Health: -4/24      AC:  5    Str: 21    XL:     3   Next: 10%
Magic:  3/3        EV: 11    Int:  7    God:    Trog [*.....]
Gold:   69         SH:  0    Dex:  9    Spells: 2/2 levels left

rFire    . . .     SeeInvis .   a - +0 hand axe
rCold    . . .     Gourm    .   (no shield)
rNeg     + . .     Faith    .   b - +0 animal skin
rPois    ∞         Spirit   .   (no helmet)
rElec    +         Reflect  .   (no cloak)
rCorr    .         Harm     .   (no gloves)
MR       .....                  (no boots)
Stlth    +.........             (no amulet)
HPRegen  0.08/turn              (no ring)
MPRegen  0.08/turn              (no ring)

@: berserk cooldown, slowed, heavily drained, very slow
A: negative energy resistance 1, electricity resistance, unbreathing,
petrification resistance, rot immunity, AC +3
a: Berserk, Renounce Religion


You were on level 2 of the Dungeon.
You worshipped Trog.
Trog was aware of your devotion.
You were not hungry.

You visited 1 branch of the dungeon, and saw 2 of its levels.

You collected 69 gold pieces.

Inventory:

Hand Weapons
 a - a +0 hand axe (weapon)
Armour
 b - a +0 animal skin (worn)
Scrolls
 d - a scroll of remove curse {unknown}
 f - 3 scrolls of identify {unknown}
 g - a scroll of random uselessness {unknown}
 h - a scroll of magic mapping {unknown}
 i - a scroll of teleportation {unknown}
 j - a scroll of amnesia {unknown}
 k - a scroll of enchant armour {unknown}
 m - 2 scrolls of enchant weapon {unknown}
Potions
 e - 2 potions of haste {unknown}
 l - a potion of degeneration {unknown}
 n - a potion of curing {unknown}
Comestibles
 c - 2 rations


   Skills:
 + Level 3.7(2.2) Fighting
 + Level 3.2(1.8) Axes
 + Level 2.3(0.9) Armour
 + Level 1.8(0.4) Dodging


You had 2 spell levels left.
You didn't know any spells.
Your spell library was empty.

Dungeon Overview and Level Annotations

Branches:
Dungeon (2/15)

Altars:
Ashenzari


Innate Abilities, Weirdness & Mutations

You are resistant to torment.
Your stone body is resilient. (AC +3)
You are immune to poison.
You resist negative energy. (rN+)
You are resistant to electric shocks. (rElec)
You can survive without breathing.
You are immune to petrification.
You are immune to rotting.


Message History

You swing at nothing.
You swing at nothing.
You swing at nothing.
You swing at nothing.
You swing at nothing.
You swing at nothing.
You swing at nothing.
You swing at nothing.
You swing at nothing.
A hobgoblin comes into view. It is wielding a flail.
You swing at nothing.
The hobgoblin shouts!
You hit the hobgoblin but do no damage. The hobgoblin hits you with a flail.
* * * LOW HITPOINT WARNING * * *
You hit the hobgoblin but do no damage.
The hobgoblin hits you but does no damage.
The hobgoblin hits you with a flail.
* * * LOW HITPOINT WARNING * * *
You hit the hobgoblin but do no damage. The hobgoblin hits you with a flail!
You die...

#. ### ⌠.##+##.⌠
......... #...!...#
#.......# .# +..._...+
.# #.......# .#
#......@#####.#
.......g.#....########
⌠.#.+##†⌠#...........#
#...).##...# #.#
......#..(..(# #.###
......#[.###(#######....
#.### #.## #.........###
# ...# #########†# ..###
####.#


You could see a hobgoblin.

Vanquished Creatures
  An ooze (D:1)
  A worm (D:2)
  2 leopard geckos (D:1)
  5 bats
  3 hobgoblins
  A frilled lizard (D:1)
  A kobold (D:2)
  3 rats
17 creatures vanquished.

Notes
Turn   | Place    | Note
-------+----------+-------------------------------------------
     0 | D:1      | Fang the Gargoyle Berserker began the quest for the Orb.
     0 | D:1      | Reached XP level 1. HP: 14/14 MP: 1/1
   113 | D:1      | Reached XP level 2. HP: 17/19 MP: 2/2
   796 | D:2      | Found a shattered altar of Ashenzari.
   812 | D:2      | Reached XP level 3. HP: 7/24 MP: 3/3
   836 | D:2      | Slain by a hobgoblin

Skill      XL: |  1  2 |
---------------+-------+-----
Axes           | 3 |  3.2
Fighting       | |  3.7
Armour         | |  2.3
Dodging        | |  1.8

Action                   || total
-------------------------++-------
Melee: Hand axe          ||    61
Invok: Berserk           ||     1
  Eat: Chunk             ||     1
Armor: Animal skin       ||    34
Dodge: Dodged            ||    45
